 Dungeon Crawl Stone Soup version 0.27-a0-1188-g73eefd5def (webtiles) character file.

Game seed: 4887553537900242412

1538 siradein the Slicer (level 8, -6/55 HPs)
             Began as a Vampire Gladiator on May 22, 2021.
             Was an Initiate of Makhleb.
             Mangled by a five-headed hydra (13 damage)
             ... on level 6 of the Dungeon.
             The game lasted 00:17:27 (5984 turns).

siradein the Slicer (Vampire Gladiator)             Turns: 5984, Time: 00:17:29

Health: -6/55      AC:  6    Str: 13    XL:     8   Next: 56%
Magic:  8/8        EV: 11    Int: 11    God:    Makhleb [......]
Gold:   381        SH:  0    Dex: 17    Spells: 7/7 levels left

rFire    . . .     SeeInvis +   e - +2 dagger (venom)
rCold    . . .     Faith    .   (no shield)
rNeg     . . .     Spirit   .   m - +0 ring mail
rPois    +         Reflect  .   c - +0 helmet
rElec    .         Harm     .   (no cloak)
rCorr    .         Rampage  .   (no gloves)
Will     .....                  (no boots)
Stlth    +.........             (no amulet)
HPRegen  0.38/turn              g - ring of poison resistance
MPRegen  0.11/turn              (no ring)

@: about to teleport, healing quickly
A: alive, fangs 3, see invisible, vampiric 2
a: Exsanguinate, Renounce Religion


You were on level 6 of the Dungeon.
You worshipped Makhleb.
Makhleb was noncommittal.
You visited 2 branches of the dungeon, and saw 7 of its levels.
You also visited: Sewer.

You collected 381 gold pieces.

Inventory:

Hand Weapons
 e - a +2 dagger of venom (weapon)
 n - a +3 short sword
Missiles
 d - 2 throwing nets (quivered)
 w - 6 atropa-tipped darts
 y - 7 datura-tipped darts
Armour
 c - a +0 helmet (worn)
 m - a +0 ring mail (worn)
Jewellery
 g - a ring of poison resistance (left hand)
Wands
 b - a wand of charming (11)
 s - a wand of paralysis (5)
Scrolls
 f - a scroll of blinking {unknown}
 j - 2 scrolls of torment {unknown}
 k - 4 scrolls of teleportation
 l - 3 scrolls of magic mapping
 p - 2 scrolls of noise {unknown}
 r - 5 scrolls of fear {unknown}
 u - a scroll of holy word {unknown}
 v - a scroll of enchant weapon {unknown}
 x - a scroll of amnesia {unknown}
Potions
 a - 2 potions of heal wounds {unknown}
 h - a potion of flight {unknown}
 i - a potion of berserk rage {unknown}
 o - 2 potions of might {unknown}
 t - 2 potions of lignification {unknown}
 z - a potion of cancellation {unknown}


   Skills:
 - Level 1.7 Fighting
 + Level 12.0 Short Blades
 - Level 1.5 Throwing
 - Level 3.2 Dodging


You had 7 spell levels left.
You didn't know any spells.
Your spell library contained the following spells:

 Spells                   Type           Power      Damage    Failure   Level
 Freeze                   Ice            0%         1d3       61%         1
 Magic Dart               Conj           0%         1d3       61%         1
 Blink                    Tloc           N/A        N/A       75%         2
 Call Imp                 Summ           0%         N/A       75%         2
 Slow                     Hex            0%         N/A       75%         2
 Conjure Flame            Conj/Fire      0%         6-21      93%         3
 Frozen Ramparts          Ice            0%         1d2       93%         3
 Mephitic Cloud           Conj/Pois/Air  0%         N/A       93%         3
 Ozocubu's Armour         Ice            0%         N/A       93%         3
 Hailstorm                Conj/Ice       0%         3d3       100%        4
 Metabolic Englaciation   Hex/Ice        0%         N/A       100%        5


Dungeon Overview and Level Annotations

Branches:
Dungeon (6/15)             Temple (1/1) D:4           Sewer (visited)

Altars:
Ashenzari
Cheibriados
Dithmenos
Fedhas
Gozag
Hepliaklqana
Kikubaaqudgha
Makhleb
Nemelex Xobeh
Okawaru
Qazlal
Sif Muna
Trog
Vehumet
Wu Jian
Xom
Yredelemnul

Shops:
D:2 (


Innate Abilities, Weirdness & Mutations

Your natural rate of healing is accelerated.
You have razor-sharp teeth.
You have supernaturally acute eyesight. (SInv)
You are afflicted with vampirism and can become a bat while bloodless.


Message History

The adder is moderately wounded.
The adder bites you but does no damage.
You hit the adder.
The adder is heavily wounded.
You barely miss the adder.
The adder is heavily wounded.
The adder barely misses you.
You hit the adder. You bite the adder.
The adder is severely wounded.
The adder bites you.
You hit the adder.
You kill the adder!
Makhleb accepts your kill.
Your Short Blades skill increases to level 12!
No target in view!
You see here an adder corpse.
Found 15 arrows.
A five-headed hydra comes into view.
Found 11 gold pieces.
A five-headed hydra is nearby!
A five-headed hydra is nearby!
A five-headed hydra is nearby!
A five-headed hydra is nearby!
You barely miss the five-headed hydra. The five-headed hydra bites you.
The five-headed hydra bites you! The five-headed hydra bites you.
The five-headed hydra bites you! x2
You see here 23 arrows.
The five-headed hydra bites you.
The five-headed hydra bites you but does no damage.
The five-headed hydra bites you! The five-headed hydra bites you. x2
There is an open door here.
An orc warrior comes into view. It is wielding a +0 glaive.
The orc warrior barely misses you.
As you read the scroll of teleportation, it crumbles to dust.
You feel strangely unstable.
The orc warrior hits you with a +0 glaive!
* * * LOW HITPOINT WARNING * * *
The five-headed hydra barely misses you.
The five-headed hydra bites you!
You die...

.................##8...8
###.#.############ ##8##
............. ######
......############.##.#
.................#..#.#
.....###########.#..#.########
.....'....<......#....#(...).#
.....#####.#######.#..#......#
.....# #.....D@o.#.........#
####### #############........#
###.).###...)....####........#
##(....##...#......##........#
#.......#...##.....##.).......
#.......'..o##(.....#........#
#.......#.S.####.....).###+###
##(....##...# #######..#
###(..###..l# #..#


You could see a five-headed hydra and an orc warrior.

Vanquished Creatures
  A water moccasin (Sewer)
  A sky beast (D:5)
  2 black bears (D:5)
  4 centaurs
  A phantom (D:4)
  A scorpion (D:5)
  A gnoll sergeant (D:4)
  A water moccasin skeleton (D:5)
  A jelly (Temple)
  A howler monkey (D:4)
  2 bullfrog zombies (D:6)
  A gnoll shaman (D:5)
  Jessica (D:2)
  2 iguanas
  Natasha (thrice) (D:4)
  A hound skeleton (D:4)
  9 gnolls
  7 adders
  A white imp (D:5)
  2 ufetubi (D:5)
  2 adder skeletons (D:4)
  2 worms
  2 dart slugs
  9 orcs
  6 ball pythons
  8 endoplasms
  2 giant cockroaches (D:3)
  6 goblins
  6 hobgoblins
  4 jackals
  6 kobolds
  6 quokkas
  10 bats
  6 frilled lizards
  6 rats
124 creatures vanquished.

Notes
Turn   | Place    | Note
-------+----------+-------------------------------------------
     0 | D:1      | siradein the Vampire Gladiator began the quest for the Orb.
     0 | D:1      | Reached XP level 1. HP: 16/16 MP: 1/1
   142 | D:1      | Reached skill level 4 in Short Blades
   142 | D:1      | Reached XP level 2. HP: 18/22 MP: 2/2
   463 | D:1      | Found a faded altar of an unknown god.
   674 | D:1      | Gained mutation: You are afflicted with vampirism and can
                  | become a bat while bloodless. [Vampire growth]
   674 | D:1      | Reached XP level 3. HP: 27/27 MP: 3/3
   947 | D:2      | Noticed Jessica
   960 | D:2      | Killed Jessica
   961 | D:2      | Reached skill level 5 in Short Blades
  1439 | D:2      | Found Eferizy's Weapon Shoppe.
  1443 | D:2      | Reached XP level 4. HP: 33/33 MP: 4/4
  1977 | D:3      | Reached skill level 6 in Short Blades
  2479 | D:4      | Reached XP level 5. HP: 35/38 MP: 5/5
  2566 | D:4      | Reached skill level 7 in Short Blades
  2633 | D:4      | Found a staircase to the Ecumenical Temple.
  2643 | Temple   | Entered the Ecumenical Temple
  2783 | D:4      | Noticed a phantom
  2784 | D:4      | Found a glowing drain.
  2794 | D:4      | Killed a phantom
  2795 | D:4      | Reached XP level 6. HP: 44/44 MP: 6/6
  2812 | Sewer    | Entered a sewer
  2848 | Sewer    | Noticed a water moccasin
  2860 | Sewer    | Killed a water moccasin
  2861 | Sewer    | Reached skill level 8 in Short Blades
  3088 | Temple   | Became a worshipper of Makhleb the Destroyer
  3176 | D:4      | HP: 2/44 [poisoned by a gnoll sergeant]
  3184 | D:4      | Reached XP level 7. HP: 5/49 MP: 7/7
  3336 | D:4      | Noticed Natasha
  3344 | D:4      | Killed Natasha
  3345 | D:4      | Reached skill level 9 in Short Blades
  3456 | D:4      | Noticed Natasha
  3462 | D:4      | Killed Natasha
  3712 | D:4      | Noticed Natasha
  3720 | D:4      | Killed Natasha
  3962 | D:5      | Entered Level 5 of the Dungeon
  4198 | D:5      | Reached skill level 10 in Short Blades
  4477 | D:5      | Reached XP level 8. HP: 43/55 MP: 8/8
  4919 | D:6      | Reached skill level 11 in Short Blades
  5791 | D:6      | Found a shadowy altar of Dithmenos.
  5822 | D:6      | Found a shimmering altar of Xom.
  5822 | D:6      | Found a radiant altar of Vehumet.
  5822 | D:6      | Found a sparkling altar of Nemelex Xobeh.
  5890 | D:6      | Reached skill level 12 in Short Blades
  5909 | D:6      | Noticed a five-headed hydra
  5984 | D:6      | Mangled by a five-headed hydra

Illustrated notes

Levels and vault maps discovered:
D:1:      dpeg_arrival_brainrot, layout_loops_ring,
          chequers_ecumenical_altar_simple
D:2:      layout_basic, serial_curves, eino_curves_04, eino_curves_01,
          serial_shops, nicolae_shop_stone, uniq_jessica
D:3:      layout_rooms, minmay_misc_feat_pillars
D:4:      layout_basic, minmay_temple_entry_hall, cheibrodos_sewer_entry_drain,
          kennysheep_decorative_pillar, minmay_fractal_squares_diagonal_5,
          uniq_natasha
D:5:      layout_loops_ring
D:6:      minmay_opposing_rooms, layout_basic, nicolae_uskayaw_suspiria,
          nicolae_overflow_hidden_temple, gammafunk_temple_overflow_claw,
          uniq_grinder
Temple:   dshaligram_water_room_temple

Skill      XL: |  1  2  3  4  5  6  7  8 |
---------------+-------------------------+-----
Short Blades   | 4 5 6 7 8 10 12 | 12.0
Fighting       | |  1.7
Throwing       | |  1.5
Dodging        | |  3.2

Action                   |  1- 3 |  4- 6 |  7- 9 || total
-------------------------+-------+-------+-------++-------
Melee: Rapier            |    89 |    26 |       ||   115
       Bite              |     8 |    23 |    23 ||    54
       Short sword       |       |   149 |    13 ||   162
       Dagger            |       |    15 |   187 ||   202
Throw: Throwing net      |       |     2 |       ||     2
  Use: Scroll            |       |     4 |     1 ||     5
       Potion            |       |     1 |     1 ||     2
 Stab: Sleeping          |     1 |       |       ||     1
Armor: Leather armour    |    21 |       |       ||    21
       Ring mail         |       |    64 |    60 ||   124
Dodge: Dodged            |    44 |   111 |    76 ||   231

Table legend: (Time is in decaauts)
 A = Elapsed time spent in this place.
 B = Non-inter-level travel time spent in this place.
 C = Inter-level travel time spent in this place.
 D = Time resting spent in this place.
 E = Time spent auto-exploring this place.
 F = Levels seen in this place.
 G = Mean time per level.
                   A        B        C        D        E       F      G
               +--------+--------+--------+--------+--------+-----+--------+
         Total |   5822 |   5653 |    169 |    499 |   3765 |   8 |  727.8 |
       Dungeon |   5451 |   5282 |    169 |    468 |   3583 |   6 |  908.5 |
        Temple |    260 |    260 |      0 |     31 |    109 |   1 |  260.0 |
         Sewer |    110 |    110 |      0 |      0 |     73 |   1 |  110.0 |
               +--------+--------+--------+--------+--------+-----+--------+

Top non-repeatable levels by time:
     D:5: 1234 daAuts
     D:4: 1031 daAuts
     D:2: 929 daAuts
     D:1: 913 daAuts
     D:6: 686 daAuts
     D:3: 657 daAuts
  Temple: 260 daAuts
   Sewer: 110 daAuts
